 Dungeon Crawl Stone Soup version 0.29.0-4-gdea44cf6ec (webtiles) character file.

Game seed: 18205659512639548599

51 qw the Chopper (level 3, 0/21 HPs)
             Began as a Tengu Warper on Aug 29, 2022.
             Shot with a sling bullet by a goblin (2 damage)
             ... on level 2 of the Dungeon.
             The game lasted 00:00:36 (1425 turns).

qw the Chopper (Tengu Warper)                       Turns: 1425, Time: 00:00:36

Health: 0/21       AC:  3    Str: 13    XL:     3   Next: 83%
Magic:  7/7        EV: 12    Int: 13    God:
Gold:   41         SH:  0    Dex: 13    Spells: 6/6 levels left

rFire   . . .      SeeInvis .   Y - +0 hand axe
rCold   . . .      Faith    .   (no shield)
rNeg    . . .      Spirit   .   b - +0 leather armour
rPois   .          Reflect  .   (helmet restricted)
rElec   .          Harm     .   (no cloak)
rCorr   .          Rampage  .   (no gloves)
Will    .....                   (boots unavailable)
Stlth   +.........              (no amulet)
HPRegen 0.07/turn               (no ring)
MPRegen 0.10/turn               (no ring)

@: lethally poisoned (0 -> -5)
A: beak, talons 3
a: no special abilities


You were on level 2 of the Dungeon.
You visited 1 branch of the dungeon, and saw 2 of its levels.

You collected 41 gold pieces.


Innate Abilities, Weirdness & Mutations

You have a beak for a mouth.
You have claws for feet.


   Skills:
 - Level 2.0 Fighting
 + Level 4.4 Axes
 - Level 1.0 Throwing
 - Level 1.1 Armour
 - Level 2.1 Dodging
 - Level 2.0 Spellcasting
 - Level 2.4 Translocations


You had 6 spell levels left.
You didn't know any spells.
Your spell library contained the following spells:

 Spells                   Type           Power      Damage    Failure   Level
 Blink                    Tloc           14%        N/A       19%         2
 Gell's Gravitas          Tloc           7%         N/A       36%         3
 Lesser Beckoning         Tloc           7%         N/A       36%         3
 Teleport Other           Tloc           7%         N/A       36%         3
 Manifold Assault         Tloc           7%         N/A       98%         5

Inventory:

Hand Weapons
 d - a +0 whip
 Y - a +0 hand axe (weapon)
Armour
 b - a +0 leather armour (worn)
Scrolls
 a - a scroll of vulnerability {unknown}
 c - a scroll of amnesia {unknown}
 e - a scroll of noise {unknown}
 h - a scroll of poison {unknown}
Potions
 f - a potion of invisibility {unknown}
 g - a potion of haste {unknown}

Dungeon Overview and Level Annotations

Branches:
Dungeon (2/15)

Altars:
Sif Muna


Message History

1394 ||| Stepping ~*~*~tactically~*~*~ (hiding).
1397 ||| FLEEEEING.
The goblin shoots a sling bullet.
The sling bullet barely misses you.
1398 ||| FLEEEEING.
Something unseen opens the door.
1400 ||| FLEEEEING.
1401 ||| FLEEEEING.
1402 ||| FLEEEEING.
1403 ||| FLEEEEING.
1404 ||| FLEEEEING.
1405 ||| FLEEEEING.
1406 ||| FLEEEEING.
1407 ||| FLEEEEING.
1408 ||| FLEEEEING.
1419 ||| Stepping ~*~*~tactically~*~*~ (hiding).
The adder barely misses you. The adder bites you.
You are poisoned.
The adder poisons you!
You hit the adder. You claw the adder, but do no damage.
Your peck misses the adder.
The adder is lightly wounded.
You feel sick. The adder bites you but does no damage.
You closely miss the adder.
The adder is lightly wounded.
You feel sick. The adder bites you. The adder bites you but does no damage.
You barely miss the adder. Your kick misses the adder.
The adder is lightly wounded.
You feel sick. The adder bites you but does no damage.
The goblin shoots a sling bullet.
The sling bullet closely misses you.
You hit the adder. You claw the adder, but do no damage. You peck the adder.
The adder is heavily wounded.
You feel sick. The adder bites you.
You are more poisoned.
The adder poisons you!
The goblin shoots a sling bullet.
The sling bullet hits you.
You closely miss the adder. Your kick misses the adder. You peck the adder.
The adder is severely wounded.
You feel sick. The adder bites you.
The goblin shoots a sling bullet.
The sling bullet hits you.
You die...

#.............##...#
#.............##...# #+##.
#.............##...# #.#..#.
########...........# #.##.#.
###'#.......# #.##.#. .
###.#.......# #.#.... ...
#...........# #......
.....###...........# #...._.
...........@.###...# #.#....
....####.gS..###...###.#.... #
.....................)......
##..#######.....#########.##%#.
..>.............# #..%...
#########.###.....# ##.#.#.
......###.# #.....# ...#.##
..g.......# #.....# ...###...
.####.##### #.....# ..... ##..


You could see an adder and a goblin.

Vanquished Creatures
  An adder (D:2)
  A dart slug (D:1)
  12 giant cockroaches (D:2)
  4 goblins
  4 hobgoblins (D:1)
  3 kobolds (D:1)
  A quokka (D:2)
  2 bats
  2 frilled lizards (D:1)
  4 rats
34 creatures vanquished.

Notes
Turn   | Place    | Note
-------+----------+-------------------------------------------
     0 | D:1      | qw the Tengu Warper began the quest for the Orb.
     0 | D:1      | Reached XP level 1. HP: 12/12 MP: 4/4
     0 | D:1      | 0 ||| qw: Version: 0.1-a-89-g26bdef1
     0 | D:1      | 0 ||| qw: Game counter: 3515
     0 | D:1      | 0 ||| qw: Always use a shield: true
     0 | D:1      | 0 ||| qw: God list: Okawaru
     0 | D:1      | 0 ||| qw: Allow faded altars: false
     0 | D:1      | 0 ||| qw: Do Orc after D:15 true
     0 | D:1      | 0 ||| qw: Do second Lair branch before Depths: true
     0 | D:1      | 0 ||| qw: Lair rune preference: random
     0 | D:1      | 0 ||| qw: Plans: Normal
     0 | D:1      | 0 ||| PLANNING D:1-11
    49 | D:1      | 49 ||| Stepping ~*~*~tactically~*~*~ (stealth).
    50 | D:1      | 50 ||| Stepping ~*~*~tactically~*~*~ (stealth).
    54 | D:1      | 54 ||| Stepping ~*~*~tactically~*~*~ (stealth).
    66 | D:1      | 66 ||| Stepping ~*~*~tactically~*~*~ (stealth).
   145 | D:1      | 145 ||| Stepping ~*~*~tactically~*~*~ (stealth).
   157 | D:1      | 157 ||| Stepping ~*~*~tactically~*~*~ (hiding).
   158 | D:1      | 158 ||| Stepping ~*~*~tactically~*~*~ (hiding).
   159 | D:1      | 159 ||| Stepping ~*~*~tactically~*~*~ (hiding).
   163 | D:1      | Reached skill level 3 in Axes
   163 | D:1      | Reached XP level 2. HP: 17/17 MP: 6/6
   190 | D:1      | 190 ||| Stepping ~*~*~tactically~*~*~ (stealth).
   595 | D:1      | 595 ||| READING scroll labelled SISAUG FIXU.
   596 | D:1      | 596 ||| READING scroll labelled XUMUEN RAANIO.
   597 | D:1      | 597 ||| DROPPING scroll of blinking.
   619 | D:2      | 619 ||| STAIRDANCE
   728 | D:2      | 728 ||| STAIRDANCE
   783 | D:2      | Reached XP level 3. HP: 11/21 MP: 7/7
   976 | D:2      | Reached skill level 4 in Axes
   976 | D:2      | 976 ||| Stepping ~*~*~tactically~*~*~ (stealth).
   994 | D:2      | 994 ||| Stepping ~*~*~tactically~*~*~ (stealth).
  1007 | D:2      | Found a shimmering blue altar of Sif Muna.
  1042 | D:2      | 1042 ||| Stepping ~*~*~tactically~*~*~ (stealth).
  1045 | D:2      | 1045 ||| Stepping ~*~*~tactically~*~*~ (stealth).
  1053 | D:2      | 1053 ||| Stepping ~*~*~tactically~*~*~ (stealth).
  1075 | D:2      | 1075 ||| Stepping ~*~*~tactically~*~*~ (stealth).
  1077 | D:2      | 1077 ||| Stepping ~*~*~tactically~*~*~ (stealth).
  1095 | D:2      | 1095 ||| Stepping ~*~*~tactically~*~*~ (stealth).
  1291 | D:2      | 1291 ||| Stepping ~*~*~tactically~*~*~ (hiding).
  1393 | D:2      | 1393 ||| FLEEEEING.
  1394 | D:2      | 1394 ||| Stepping ~*~*~tactically~*~*~ (hiding).
  1397 | D:2      | 1397 ||| FLEEEEING.
  1398 | D:2      | 1398 ||| FLEEEEING.
  1400 | D:2      | 1400 ||| FLEEEEING.
  1401 | D:2      | 1401 ||| FLEEEEING.
  1402 | D:2      | 1402 ||| FLEEEEING.
  1403 | D:2      | 1403 ||| FLEEEEING.
  1404 | D:2      | 1404 ||| FLEEEEING.
  1405 | D:2      | 1405 ||| FLEEEEING.
  1406 | D:2      | 1406 ||| FLEEEEING.
  1407 | D:2      | 1407 ||| FLEEEEING.
  1408 | D:2      | 1408 ||| FLEEEEING.
  1419 | D:2      | 1419 ||| Stepping ~*~*~tactically~*~*~ (hiding).
  1424 | D:2      | HP: 5/21 [goblin/sling bullet (3)]
  1425 | D:2      | HP: 2/21 [adder (1)]
  1425 | D:2      | Shot with a sling bullet by a goblin

Levels and vault maps discovered:
D:1:      eino_arrival_druids_welcome, layout_rooms
D:2:      minmay_roachtagon, layout_basic, serial_shops,
          nicolae_shop_hallway_plus, hellmonk_ecumenical_altar_run_dry,
          basic_altar

Skill      XL: |  1  2  3 |
---------------+----------+-----
Axes           | 3 4 |  4.4
Fighting       | |  2.0
Throwing       | |  1.0
Armour         | |  1.1
Dodging        | |  2.1
Spellcasting   | |  2.0
Translocations | |  2.4

Action                   || total
-------------------------++-------
Melee: Hand axe          ||   100
       Kick              ||    24
       Peck              ||    15
       Punch             ||     1
Throw: Boomerang         ||     7
  Use: Scroll            ||     2
Armor: Leather armour    ||    27
Dodge: Dodged            ||    65

Table legend:
 A = Non-vault XP
 B = Vault XP
 C = Vault XP percentage of total XP
 D = Non-vault monster count
 E = Vault monster count
 F = Vault count percentage of total count
                 A         B        C        D         E       F
            +---------+---------+-------+---------+---------+-------
      Total |      50 |      24 |  32.4 |      22 |      12 |  35.3
            +---------+---------+-------+---------+---------+-------
        D:1 |      28 |       0 |   0.0 |      16 |       0 |   0.0
        D:2 |      22 |      24 |  52.2 |       6 |      12 |  66.7
            +---------+---------+-------+---------+---------+-------
